Map: Ulrena

Players

fouka - Winner!

  • Race: Terran Terran

LilDicky

  • Race: Terran Terran
  • League: Diamond

VOD

http://www.twitch.tv/tumescentpie

Description

Time

  • Played on: Dec. 17, 2015, 7:09 p.m.
  • Length: 5:01
Show
View Real Time Build Order
Export as new Build Order

fouka Terran - Winner!

Build Orders: 1/1/1 

Get SALT Encoding   

  12  0:02  SCV  
  13  0:14  SCV  
  13  0:18  Supply Depot  
  14  0:25  Refinery  
  14  0:37  SCV  
  15  0:50  SCV, Barracks  
  16  1:02  SCV, Refinery  
  17  1:14  SCV  
  18  1:38  Factory, Marine  
  18  1:39  Orbital Command  
  19  1:54  Supply Depot  
  19  1:57  Marine  
  20  2:07  SCV  
  21  2:17  Supply Depot  
  21  2:19  SCV  
  22  2:25  Starport  
  22  2:35  Barracks Reactor  
  22  2:37  Factory Tech Lab  
  22  2:39  SCV  
  23  3:10  SCV  
  23  3:12  Marine x2  
  25  3:14  Raven  
  25  3:19  Command Center  
  28  3:29  Widow Mine  
  28  3:32  SCV  
  31  3:35  Marine x2  
  33  3:46  SCV  
  34  3:57  Supply Depot  
  34  4:03  SCV  
  34  4:07  Siege Tank  
  38  4:16  Supply Depot  
  38  4:17  Marine  
  38  4:18  Medivac, Marine  
  42  4:30  Supply Depot  
  42  4:31  Orbital Command  
  42  4:39  Marine  
  42  4:40  Marine  
Show
View Real Time Build Order
Export as new Build Order

LilDicky Terran 

Build Orders: Banshee Rush 

Get SALT Encoding   

  12  0:02  SCV  
  13  0:14  SCV  
  13  0:18  Supply Depot  
  14  0:26  SCV  
  15  0:34  Refinery  
  15  0:44  Barracks  
  15  0:46  SCV  
  16  0:58  SCV  
  17  1:10  SCV  
  18  1:22  SCV  
  19  1:31  Marine  
  20  1:34  Supply Depot  
  21  1:40  Orbital Command  
  21  1:45  Refinery  
  20  1:51  Factory, Marine  
  21  2:09  Marine  
  21  2:14  SCV  
  23  2:26  Marine  
  24  2:42  Factory Tech Lab, Starport  
  24  2:44  Marine  
  24  2:45  SCV  
  24  2:49  Supply Depot  
  26  3:02  SCV  
  26  3:03  Marine  
  28  3:25  Supply Depot  
  28  3:29  Banshee  
  28  3:30  Cloaking Field  
  31  3:43  SCV  
  32  3:58  Supply Depot  
  32  4:05  SCV  
  32  4:06  Marine  
  34  4:11  Banshee  
  34  4:14  Widow Mine  
  39  4:17  Command Center, SCV  
  40  4:29  SCV  
  41  4:33  Marine  
  42  4:41  SCV  
Tags
 
Add a new tag
Caveats
  • Supply blocks, unpowered buildings, or Contaminate may cause inaccurate times.
  • Supply counts are checked every 10 seconds.